 Dungeon Crawl Stone Soup version 0.21.1-1-g345015f (webtiles) character file.

528 Solrac the Basher (level 7, -1/63 HPs)
             Began as a Minotaur Berserker on Feb 20, 2018.
             Was a Priest of Trog.
             Succumbed to Vesto's ghost's poison
             ... while paralysed
             ... on level 4 of the Dungeon.
             The game lasted 00:09:06 (2856 turns).

Solrac the Basher (Minotaur Berserker)              Turns: 2856, Time: 00:09:06

Health: -1/63      AC: 12    Str: 21    XL:     7   Next: 3%
Magic:  6/6        EV:  2    Int:  4    God:    Trog [***...]
Gold:   221        SH:  0    Dex: 12    Spells: 6/6 levels left

rFire    . . .     SeeInvis .   f - +1 mace (protect)
rCold    . . .     Gourm    .   (no shield)
rNeg     . . .     Faith    .   n - +0 ring mail
rPois    .         Spirit   .   (helmet restricted)
rElec    .         Reflect  .   (no cloak)
rCorr    .         Harm     .   (no gloves)
MR       .....                  (no boots)
Stlth    +.........             (no amulet)
HPRegen  0.20/turn              (no ring)
MPRegen  0.10/turn              (no ring)

@: paralysed, lethally poisoned (-1 -> -33), protection aura, berserk cooldown,
slowed
A: retaliatory headbutt, horns 2
a: Berserk, Trog's Hand, Burn Spellbooks, Renounce Religion


You were on level 4 of the Dungeon.
You worshipped Trog.
Trog was most pleased with you.
You were very hungry.

You visited 1 branch of the dungeon, and saw 4 of its levels.

You collected 221 gold pieces.

Inventory:

Hand Weapons
 a - a +0 mace
 f - a +1 mace of protection (weapon)
Missiles
 k - 29 stones (quivered)
Armour
 b - a +0 animal skin
 n - a +0 ring mail (worn)
Jewellery
 d - an uncursed ring of protection from fire {unknown}
 g - an uncursed ring of poison resistance {unknown}
 p - an uncursed ring of flight {unknown}
Scrolls
 i - a scroll of identify {unknown}
 j - 3 scrolls of immolation {unknown}
 o - 2 scrolls of remove curse {unknown}
 r - a scroll of enchant weapon {unknown}
Potions
 e - 2 potions of lignification {unknown}
 h - a potion of invisibility {unknown}
 m - a potion of mutation {unknown}
 q - a potion of flight {unknown}
Comestibles
 c - 6 rations
 l - 9 chunks of flesh


   Skills:
 + Level 6.3 Fighting
 * Level 8.0 Maces & Flails
 - Level 2.8 Armour
 - Level 2.2 Dodging


You had 6 spell levels left.
You didn't know any spells.

Dungeon Overview and Level Annotations

Branches:
Dungeon (4/15)
 Temple: D:4-7

Altars:
Dithmenos
Makhleb
Ru
Yredelemnul


Innate Abilities, Weirdness & Mutations

You reflexively headbutt those who attack you in melee.
You have a pair of horns on your head.


Message History

Trog appreciates your killing of a magic user.
Your Fighting skill increases to level 6!
Your Maces & Flails skill increases to level 8!
You have reached level 7!
* * * LOW HITPOINT WARNING * * *
You feel very sick.
* * * LOW HITPOINT WARNING * * *
You feel sick.
You feel a strong urge to attack something.
* * * LOW HITPOINT WARNING * * *
You feel sick.
You are no longer berserk.
You pass out from exhaustion.
You feel yourself slow down.
* * * LOW HITPOINT WARNING * * *
You feel sick.
You hear the hiss of an avalanche of sand.
* * * LOW HITPOINT WARNING * * *
You feel very sick.
You die...

... ... #.# #######.#
........### #.###...#
#.#.....###... #
#............. ..
#....@........ ...
#.....#####..# ....
#.....# ##########
.....##.....###
#.........
................
#.#######.
....!##.###########.#
. .... #.#
#.......#######. ...
#.# #.###...........
..
#.#####.###...........


There were no monsters in sight!

Vanquished Creatures
  The ghost of Vesto the Conjurer, an amateur DrCj (D:4)
  A scorpion (D:4)
  A vampire bat (D:4)
  3 hounds (D:3)
  An orc priest (D:4)
  A killer bee zombie (D:4)
  3 adders
  4 gnolls (D:3)
  2 worms (D:2)
  4 dart slugs
  3 leopard geckos
  6 orcs
  2 ball pythons
  9 giant cockroaches
  8 goblins
  7 hobgoblins
  4 jackals
  4 quokkas
  10 bats
  4 frilled lizards
  7 kobolds
  9 rats
94 creatures vanquished.

Notes
Turn   | Place    | Note
-------+----------+-------------------------------------------
     0 | D:1      | Solrac the Minotaur Berserker began the quest for the Orb.
     0 | D:1      | Reached XP level 1. HP: 19/19 MP: 0/0
   235 | D:1      | Reached XP level 2. HP: 25/27 MP: 1/1
   279 | D:1      | Reached skill level 4 in Maces & Flails
   436 | D:1      | Reached XP level 3. HP: 33/33 MP: 2/2
   440 | D:1      | Reached ** piety under Trog
  1090 | D:2      | Found a sacrificial altar of Ru.
  1164 | D:2      | Found a basalt altar of Yredelemnul.
  1339 | D:2      | Reached skill level 5 in Maces & Flails
  1385 | D:2      | Reached XP level 4. HP: 41/41 MP: 3/3
  1981 | D:3      | Reached *** piety under Trog
  2075 | D:3      | Reached skill level 5 in Fighting
  2075 | D:3      | Reached XP level 5. HP: 25/48 MP: 4/4
  2081 | D:3      | Reached skill level 6 in Maces & Flails
  2414 | D:3      | Found a shadowy altar of Dithmenos.
  2575 | D:3      | Found a burning altar of Makhleb.
  2672 | D:4      | Reached XP level 6. HP: 52/56 MP: 5/5
  2720 | D:4      | Reached skill level 7 in Maces & Flails
  2834 | D:4      | Noticed Vesto's ghost (amateur DrCj)
  2851 | D:4      | Killed Vesto's ghost
  2851 | D:4      | Reached skill level 8 in Maces & Flails
  2851 | D:4      | Reached XP level 7. HP: 16/63 MP: 6/6
  2855 | D:4      | HP: 2/63 [poisoned by Vesto's ghost]
  2856 | D:4      | Succumbed to Vesto's ghost's poison

Skill      XL: |  1  2  3  4  5  6 |
---------------+-------------------+-----
Fighting       | 4 5 6 |  6.3
Maces & Flails | 4 5 6 8 |  8.0
Armour         | |  2.8
Dodging        | |  2.2

Action                   |  1- 3 |  4- 6 |  7- 9 || total
-------------------------+-------+-------+-------++-------
Melee: Mace              |    81 |   114 |       ||   195
       Headbutt          |    16 |    19 |       ||    35
Invok: Berserk           |       |     1 |       ||     1
 Stab: Sleeping          |     3 |       |       ||     3
  Eat: Chunk             |     2 |     4 |       ||     6
Armor: Animal skin       |    20 |       |       ||    20
       Ring mail         |       |    52 |       ||    52
Dodge: Dodged            |    55 |    81 |       ||   136
